Zazza, neutral female human Tourist --------- |.....>.| |.......| |.......| |.......| |.......-###### ----- +.......| # |...| -.--.-.-- ##-..<| # |...| ------- # |...+ |.....| # |...| +.....-### # |...| |....^| -----.-.---.-- ----- |...#.| #.............| |...`..@P#######|............| ------- |............| |............| -----.-------- Zazza the Rambler Experience level: 1 Strength: 14 Dexterity: 12 Constitution: 13 Intelligence: 12 Wisdom: 6 Charisma: 18 Health: 0(10) Energy: 2(2) Def: 4 Gold: 64 Moves: 927 Dungeon seed: znEc_o5h_Tvz15Fp Game ID: Zazza_1576020861 Your Inventory: Coins $ - 64 gold pieces Weapons a - 21 blessed +2 darts (in quiver) m - a corroded +0 orcish dagger (weapon in hand) z - 8 +0 darts Armor e - an uncursed +0 Hawaiian shirt (being worn) n - an uncursed corroded +0 orcish helm (being worn) q - a cursed -1 elven mithril-coat (being worn) Comestibles b - an uncursed tin of newt meat c - 2 uncursed fortune cookies d - 3 uncursed food rations f - an uncursed orange g - an uncursed slime mold h - 2 uncursed tripe rations C - an uncursed lichen corpse Scrolls j - 2 uncursed scrolls of magic mapping D - an uncursed scroll of destroy armor Spellbooks s - a blessed spellbook of slow monster A - an uncursed spellbook of charm monster Potions i - 2 uncursed potions of extra healing o - an uncursed potion of gain energy p - a blessed potion of booze w - an uncursed potion of enlightenment B - an uncursed potion of water Wands x - a wand of create monster (0:13) Tools k - an expensive camera (0:83) u - an uncursed skeleton key y - an uncursed figurine of a newt E - an uncursed tin whistle Spells and supernatural/magical abilities: Name Level Category Fail Memory W - pray for help -- divine ? -- Your skills at the end: Fighting Skills Weapon Skills dart [Basic] Spellcasting Skills Final Attributes: You were nominally aligned. You were lucky. You are dead. Vanquished creatures: a kitten a jackal a fox a kobold 2 goblins 4 lichens a newt 11 creatures vanquished. Voluntary challenges: You followed a strict vegan diet. You were an atheist. You used a wielded weapon 6 times, starting on turn 547. You read items or engraved 2 times, starting on turn 46. You never genocided any monsters. You never polymorphed an object. You never changed form. You used no wishes. You split 1 pudding, starting on turn 925. You never wrote Elbereth's name. You never violated your personal moral code. Dungeon overview: The Dungeons of Doom: levels 1 to 3 Level 1 a fountain a long staircase Level 2 a general store, some fountains, a sink Level 3 <- You were here a sink History has recorded: On T:1 you entered the Dungeons of Doom to retrieve the Amulet of Yendor! On T:452 you reached level 2 of The Dungeons of Doom. On T:815 you reached level 3 of The Dungeons of Doom. Score breakdown: Gold: 0 ( 0 points) Experience: 1 level ( 0 points) Exploration: 3 levels ( 6.25%) ( 6188 points) Discoveries: 1 item ( 0.34%) ( 1737 points) Valuables value: (no points given unless you survive) Artifact value: 0 ( 0 points) Variety of kills: 7 monsters ( 1.84%) ( 4066 points) Turncount: 927 turns ( 0 points) Survival: died (score multiplied by 80%) Total score: 9592 Latest messages: The fox bites! You miss the fox. The fox misses. The fox bites! You hit the fox. The fox bites! You miss the fox. The fox bites! You displace Armand. It eats a fox corpse. Click! Armand triggers something. The boulder hits Armand! Armand is killed! The door opens. You hear a door open. With great effort you move the boulder. A black ooze gushes up from the drain! You miss the black pudding. (4x) The black pudding divides as you hit it! Your crude dagger corrodes! You miss the black pudding. The black pudding bites! Your iron skull cap corrodes! You die... Final status: Aloha Zazza the Tourist, killed by a black pudding... You died in The Dungeons of Doom on dungeon level 3 with 9592 points, and 64 pieces of gold, after 927 moves. You were level 1 with a maximum of 10 hit points when you died.